 Dungeon Crawl Stone Soup version 0.24.0-1-gfbc8707 (webtiles) character file.

Game seed: 15727802149625162481, levelgen mode: deterministic

1108 Buxparty the Spear-Bearer (level 8, -8/60 (61) HPs)
             Began as a Merfolk Skald on Dec 30, 2019.
             Was an Initiate of Dithmenos.
             Splashed by a brown ugly thing's acid (10 damage)
             ... on level 7 of the Dungeon.
             The game lasted 00:24:41 (9095 turns).

Buxparty the Spear-Bearer (Merfolk Skald)           Turns: 9095, Time: 00:24:42

HP:   -8/60 (61)    AC: -4    Str: 13    XL:     8   Next: 33%
MP:   11/11         EV: 15    Int: 12    God:    Dithmenos [......]
Gold: 368           SH:  0    Dex: 14    Spells: 10/11 levels left

rFire    . . .     SeeInvis .   a - +0 spear
rCold    . . .     Gourm    .   (no shield)
rNeg     . . .     Faith    .   b - +0 leather armour
rPois    .         Spirit   .   (no helmet)
rElec    .         Reflect  .   (no cloak)
rCorr    .         Harm     .   (no gloves)
MR       .....                  (no boots)
Stlth    +.........             p - amulet of magic regeneration
HPRegen  0.20/turn              (no ring)
MPRegen  0.37/turn              (no ring)

@: corroded
A: change form in water, swift swim, stealthy swim
a: Renounce Religion


You were on level 7 of the Dungeon.
You worshipped Dithmenos.
Dithmenos was noncommittal.
You were hungry.

You visited 2 branches of the dungeon, and saw 8 of its levels.

You collected 368 gold pieces.

Inventory:

Hand Weapons
 a - a +0 spear (weapon)
 o - a +4 dagger of flaming
 s - a +0 rapier of draining
Armour
 b - a +0 leather armour (worn)
Jewellery
 i - an uncursed amulet of the gourmand
 p - an amulet of magic regeneration (around neck)
 x - a cursed -3 ring of intelligence {unknown}
Wands
 r - a wand of disintegration (18)
 y - a wand of digging (4)
 B - a wand of flame (30)
 D - a wand of polymorph (11)
Scrolls
 c - 4 scrolls of remove curse
 h - 3 scrolls of silence {unknown}
 k - 5 scrolls of identify {unknown}
 l - 2 scrolls of immolation {unknown}
 m - a scroll of enchant armour {unknown}
 t - a scroll of fear {unknown}
 u - 2 scrolls of blinking {unknown}
 v - 2 scrolls of teleportation {unknown}
 z - 2 scrolls of enchant weapon {unknown}
 C - a scroll of fog {unknown}
Potions
 e - a potion of heal wounds {unknown}
 f - 2 potions of flight
 g - 3 potions of curing
 j - 3 potions of haste {unknown}
 n - a potion of lignification {unknown}
 q - 2 potions of might {unknown}
 w - a potion of berserk rage {unknown}
 A - a potion of mutation {unknown}
Comestibles
 d - 2 rations


   Skills:
 + Level 4.7 Fighting
 * Level 10.7 Polearms
 - Level 0.6 Armour
 * Level 6.5 Dodging
 - Level 1.0 Stealth
 - Level 2.0 Spellcasting
 - Level 3.2 Charms


You had 10 spell levels left.
You knew the following spells:

 Your Spells              Type           Power        Failure   Level  Hunger
a - Infusion              Chrm           #...         9%          1    ##.....

Your spell library contained the following spells:

 Spells                   Type           Power        Failure   Level  Hunger
 Song of Slaying          Chrm           #.......     14%         2    ###....
 Shroud of Golubria       Chrm/Tloc      #.....       26%         2    ###....
 Confusing Touch          Hex            #.....       34%         1    ##.....
 Regeneration             Chrm/Necr      #.........   47%         3    ####...
 Spectral Weapon          Hex/Chrm       #.......     47%         3    ####...
 Confuse                  Hex            #.......     71%         3    ####...
 Gell's Gravitas          Tloc           #.........   71%         3    ####...
 Petrify                  Tmut/Erth      #.......     98%         4    #####..
 Metabolic Englaciation   Hex/Ice        #.........   100%        5    ######.
 Yara's Violent Unravell  Hex/Tmut       #.........   100%        5    ######.


Dungeon Overview and Level Annotations

Branches:
Dungeon (7/15)             Temple (1/1) D:4

Altars:
Ashenzari
Dithmenos
Elyvilon
Fedhas
Gozag
Hepliaklqana
Kikubaaqudgha
Makhleb
Qazlal
Ru
Vehumet
Xom
Zin
The Shining One

Annotations:
D:7 Joseph


Message History

You hit the brown ugly thing.
The brown ugly thing is lightly wounded.
You hit the brown ugly thing but do no damage.
The brown ugly thing is lightly wounded.
The brown ugly thing engulfs you. The acid corrodes you!
You are splashed with acid!
You closely miss the brown ugly thing.
The brown ugly thing is lightly wounded.
The brown ugly thing engulfs you!
* * * LOW HITPOINT WARNING * * *
You are splashed with acid!
* * * LOW HITPOINT WARNING * * *
You hit the brown ugly thing but do no damage.
The brown ugly thing is lightly wounded.
You barely miss the brown ugly thing.
The brown ugly thing is lightly wounded.
The brown ugly thing engulfs you.
* * * LOW HITPOINT WARNING * * *
You are splashed with acid!
You die...

#.## ....
#..##
...##
#...# ####
#..#.#
#..###
#..#
#..#######
#..u..>...
##@#######
#.# #.#
#.# #.#
#.# #..
###


You could see a brown ugly thing.

Vanquished Creatures
  A water moccasin (D:7)
  An ice beast (D:3)
  A black bear (D:7)
  2 phantoms
  A necrophage (D:6)
  A bullfrog (D:7)
  A howler monkey (D:3)
  2 crimson imps
  A hound (D:6)
  An orc priest (D:4)
  A bullfrog skeleton (D:7)
  Natasha (D:1)
  Terence (D:2)
  A worker ant (D:4)
  9 adders
  A gnoll (D:1)
  3 oozes
  An adder zombie (D:6)
  An adder skeleton (D:5)
  2 worms (D:2)
  2 dart slugs
  4 leopard geckos
  8 orcs
  5 ball pythons (D:3)
  6 bats
  4 giant cockroaches
  10 goblins
  12 hobgoblins
  7 jackals (D:2)
  A quokka (D:5)
  9 frilled lizards
  14 kobolds
  A leopard gecko skeleton (D:4)
  6 rats
122 creatures vanquished.

Notes
Turn   | Place    | Note
-------+----------+-------------------------------------------
     0 | D:1      | Buxparty the Merfolk Skald began the quest for the Orb.
     0 | D:1      | Reached XP level 1. HP: 16/16 MP: 3/3
   264 | D:1      | Reached XP level 2. HP: 23/23 MP: 5/5
   421 | D:1      | Reached skill level 4 in Polearms
   669 | D:1      | Reached XP level 3. HP: 28/28 MP: 6/6
  1270 | D:2      | Noticed Natasha
  1299 | D:1      | Killed Natasha
  1299 | D:1      | Reached skill level 5 in Polearms
  1299 | D:1      | Reached XP level 4. HP: 19/35 MP: 7/7
  1648 | D:2      | Noticed Terence
  1666 | D:2      | Killed Terence
  1666 | D:2      | Reached XP level 5. HP: 26/41 MP: 8/8
  1891 | D:2      | Reached skill level 6 in Polearms
  3738 | D:3      | Reached skill level 1 in Stealth
  3738 | D:3      | Reached XP level 6. HP: 40/47 MP: 9/9
  4070 | D:3      | Reached skill level 7 in Polearms
  4090 | D:3      | You fall into a shaft and drop 3 floors!
  4104 | D:5      | Entered Level 5 of the Dungeon
  4158 | D:5      | Found a shadowy altar of Dithmenos.
  4166 | D:5      | Became a worshipper of Dithmenos the Shadowed
  4318 | D:3      | Noticed an ice beast
  4334 | D:3      | Killed an ice beast
  4853 | D:4      | Found a staircase to the Ecumenical Temple.
  4912 | D:3      | Reached skill level 8 in Polearms
  5299 | D:4      | Reached XP level 7. HP: 14/53 MP: 10/10
  5575 | Temple   | Entered the Ecumenical Temple
  6532 | D:4      | Reached skill level 5 in Dodging
  7326 | D:5      | Reached skill level 9 in Polearms
  7393 | D:6      | Found a radiant altar of Vehumet.
  7480 | D:6      | Found a blossoming altar of Fedhas.
  7725 | D:6      | Noticed an angel
  7726 | D:6      | Found a glowing silver altar of Zin.
  8010 | D:7      | Reached skill level 10 in Polearms
  8010 | D:7      | Reached XP level 8. HP: 16/61 MP: 11/11
  8293 | D:7      | Found an opulent altar of Gozag.
  8319 | D:7      | Noticed Joseph
  8494 | D:7      | HP: 2/60 [Joseph/sling bullet (4)]
  9080 | D:7      | Noticed a brown ugly thing
  9093 | D:7      | HP: 3/60 [acid (8)]
  9095 | D:7      | Splashed by a brown ugly thing's acid

Levels and vault maps discovered:
D:1:      dpeg_arrival_castle, layout_basic, minmay_misc_feat_secret_circle,
          minivault_5, chequers_jeans
D:2:      layout_basic, uniq_natasha, uniq_terence
D:3:      layout_basic, minmay_shallow_snake_nest
D:4:      layout_gridville, minmay_temple_entry_statues_fountains, first_ration
D:5:      layout_rooms, lemuel_coloured_pillars_altar
D:6:      layout_gridville, zin_angel, overflow_temple_1_default,
          vehumet_altar_wand_db
D:7:      layout_loops_ring, minitemple, serial_shops,
          nicolae_shop_behind_doors, the_bakery, grunt_gozag_breadcrumbs,
          uniq_pikel, uniq_joseph
Temple:   jpeg_temple_island

Skill      XL: |  1  2  3  4  5  6  7  8 |
---------------+-------------------------+-----
Polearms       | 4 5 6 8 10 | 10.7
Dodging        | 3 4 5 6 |  6.5
Fighting       | 3 4 |  4.7
Stealth        | 1 |  1.0
Armour         | |  0.6
Spellcasting   | |  2.0
Charms         | |  3.2

Action                   |  1- 3 |  4- 6 |  7- 9 || total
-------------------------+-------+-------+-------++-------
Melee: Spear             |   144 |   439 |   319 ||   902
       Tailslap          |     2 |       |       ||     2
  Use: Potion            |       |       |     2 ||     2
       Scroll            |       |       |     1 ||     1
 Stab: Sleeping          |       |     3 |       ||     3
  Eat: Chunk             |       |     6 |       ||     6
       Ration            |       |     3 |     3 ||     6
Armor: Leather armour    |    11 |    34 |    23 ||    68
Dodge: Dodged            |    45 |   202 |   115 ||   362
